 Dungeon Crawl Stone Soup version 0.30-b1-2-g02819fbbbe (webtiles) character file.

Game seed: 8380236820258840029

54 Barriton the Gusty (level 3, -4/26 HPs)
             Began as a Draconian Air Elementalist on May 10, 2023.
             Killed by divine providence
             ... invoked by an orc priest
              (15 damage)
             ... on level 2 of the Dungeon.
             The game lasted 00:02:50 (1319 turns).

Barriton the Gusty (Draconian Air Elementalist)     Turns: 1319, Time: 00:02:51

Health: -4/26      AC:  5    Str: 10    XL:     3   Next: 66%
Magic:  5/7        EV: 12    Int: 17    God:
Gold:   67         SH:  0    Dex: 11    Spells: 5/7 levels left

rFire   . . .        c - staff of cold
rCold   + . .        (no shield)
rNeg    . . .        (body armour unavailable)
rPois   +            (helmet restricted)
rElec   .            (no cloak)
rCorr   .            (no gloves)
SInv    .            (no boots)
Will    .....        (no amulet)
Stlth   ++           j - ring of poison resistance
HPRegen 0.24/turn    (no ring)
MPRegen 0.10/turn

%: no passive effects
@: no status effects
A: AC +5, unfitting armour, cold-blooded
a: no special abilities


You were on level 2 of the Dungeon.
You visited 1 branch of the dungeon, and saw 2 of its levels.

You collected 67 gold pieces.

Inventory:

Magical Staves
 c - a staff of cold (weapon)
Jewellery
 j - a ring of poison resistance (left hand)
Scrolls
 b - 5 scrolls of identify
 e - a scroll of enchant weapon
 h - a scroll of teleportation
Potions
 a - a potion of magic
 d - 3 potions of curing
 f - a potion of resistance {unknown}


   Skills:
 + Level 1.9 Dodging
 + Level 2.0 Stealth
 + Level 0.1 Unarmed Combat
 + Level 2.8 Spellcasting
 + Level 1.2 Conjurations
 + Level 0.5 Summonings
 + Level 3.6 Air Magic


You had 5 spell levels left.
You knew the following spells:

 Your Spells              Type           Power      Damage    Failure   Level
a - Shock                 Conj/Air       40%        1d5       7%          1
b - Summon Small Mammal   Summ           16%        N/A       14%         1

Your spell library contained the following spells:

 Spells                   Type           Power      Damage    Failure   Level
 Static Discharge         Conj/Air       20%        2-3/arc   10%         2
 Magic Dart               Conj           24%        1d4       11%         1
 Swiftness                Air            14%        N/A       12%         3
 Call Imp                 Summ           8%         N/A       22%         2
 Lesser Beckoning         Tloc           4%         N/A       26%         2
 Mephitic Cloud           Conj/Pois/Air  7%         N/A       26%         3
 Call Canine Familiar     Summ           4%         N/A       38%         3
 Airstrike                Air            7%         2d(1-17)  38%         4
 Summon Guardian Golem    Hex/Summ       3%         N/A       43%         3
 Gell's Gravitas          Tloc           2%         N/A       47%         3
 Teleport Other           Tloc           2%         N/A       47%         3


Dungeon Overview and Level Annotations

Branches:
Dungeon (2/15)

Altars:
Fedhas


Innate Abilities, Weirdness & Mutations

Your plain brown scales are hard. (AC +5)
You cannot fit into any form of body armour.
You are cold-blooded and may be slowed by cold attacks.


Message History

The orc wizard casts a spell.
The orc wizard flickers and vanishes!
Deactivating autopickup; reactivate with Ctrl-A.
The orc attacks as you move away! The orc hits you but does no damage.
The zap hits the orc.
The orc is moderately wounded.
The zap hits the orc.
The orc is severely wounded.
The orc hits you but does no damage.
The zap misses the orc.
The zap hits something.
The zap hits the orc.
You kill the orc!
The orc hits you but does no damage.
You closely miss something.
You hear some strange, mumbled words.
A puff of flame appears from out of thin air!
The puff of flame hits you! The orc closely misses you.
You miss something. Something hits you but does no damage.
The orc barely misses you. Something hits you.
You hear some strange, mumbled words.
A puff of flame appears from out of thin air!
The puff of flame misses you. The orc hits you with a +0 short sword.
You barely miss the orc.
The orc is moderately wounded.
The orc priest begins to cast a cantrip, but forgets the words!
The orc hits you with a +0 short sword. Something hits you but does no damage.
The orc barely misses you.
You barely miss something. You tail-slap something.
Reactivating autopickup.
You feel a bit more experienced. The orc hits you but does no damage.
Your Stealth skill increases to level 2!
You hit the orc.
The orc is severely wounded.
The orc completely misses you. The orc misses you.
You hit the orc.
You kill the orc!
The orc priest invokes the aid of Beogh against you.
Beogh smites you!
Ouch! That really hurt!
You die...

#############
#....o.o..)@##
#.#########o.# #..
...###.# ...#
..#..##.# #....
..o..$#.##
#......o..oo#..# #
#####..........o#..#.#
...###..#...#..##....#
...# ...###.#.##


You could see an orc priest and 2 orcs.

Vanquished Creatures
  An orc wizard (D:2)
  2 orcs (D:2)
  2 endoplasms (D:1)
  2 giant cockroaches
  A goblin (D:1)
  3 hobgoblins (D:1)
  A jackal (D:1)
  2 kobolds
  A quokka (D:1)
  4 bats
  2 frilled lizards (D:1)
  4 rats
25 creatures vanquished.

Vanquished Creatures (collateral kills)
  A dart slug (D:1)
  A goblin (D:1)
2 creatures vanquished.

Grand Total: 27 creatures vanquished

Notes
Turn   | Place    | Note
-------+----------+-------------------------------------------
     0 | D:1      | Barriton the Draconian Air Elementalist began the quest for
                  | the Orb.
     0 | D:1      | Reached XP level 1. HP: 14/14 MP: 3/3
   191 | D:1      | Learned a level 1 spell: Summon Small Mammal
   209 | D:1      | Reached XP level 2. HP: 20/20 MP: 0/5
  1168 | D:2      | Found a blossoming altar of Fedhas.
  1239 | D:2      | Reached XP level 3. HP: 26/26 MP: 4/6
  1319 | D:2      | Killed from afar by an orc priest

Illustrated notes

Levels and vault maps discovered:
D:1:      nicolae_arrival_memento_mori, layout_loops_ring, minivault_25,
          minmay_bisected
D:2:      cheibrodos_pilgrimage, layout_basic, basic_altar

Skill      XL: |  1  2  3 |
---------------+----------+-----
Stealth        | 2 |  2.0
Dodging        | |  1.9
Unarmed Combat | |  0.1
Spellcasting   | |  2.8
Conjurations   | |  1.2
Summonings     | |  0.5
Air Magic      | |  3.6

Action                     || total
---------------------------++-------
  Melee: Unarmed           ||    18
         Staff             ||     8
         Tailslap          ||     3
   Cast: Shock             ||    38
         Summon Small Mamm ||     3
    Use: Scroll            ||     7
 Armour: Skin              ||    12
  Dodge: Dodged            ||    21
